 Dungeon Crawl Stone Soup version 0.29-a0-1008-g949cc1d0fb (webtiles) character file.

Game seed: 138819403180187719

576 Sabo the Digger (level 7, -11/38 HPs)
             Began as a Gargoyle Earth Elementalist on Aug 7, 2022.
             Was a High Priest of Ignis.
             Mangled by a wight
             ... wielding a +4 dire flail
              (12 damage)
             ... on level 5 of the Dungeon.
             The game lasted 00:29:23 (6334 turns).

Sabo the Digger (Gargoyle Earth Elementalist)       Turns: 6334, Time: 00:29:23

Health: -11/38     AC: 17    Str: 12    XL:     7   Next: 35%
Magic:  12/14      EV: 12    Int: 17    God:    Ignis [*****.]
Gold:   193        SH:  0    Dex: 10    Spells: 14/15 levels left

rFire   + . .      SeeInvis .   h - +3 hand axe (venom)
rCold   . . .      Faith    .   (no shield)
rNeg    + . .      Spirit   .   a - +0 robe
rPois   ∞          Reflect  .   l - +0 helmet
rElec   +          Harm     .   f - +2 cloak
rCorr   .          Rampage  .   (no gloves)
Will    .....                   (no boots)
Stlth   ++........              (no amulet)
HPRegen 0.12/turn               (no ring)
MPRegen 0.14/turn               (no ring)

@: fiery-armoured
A: sickness immunity, AC +4, negative energy resistance 1, electricity
resistance, torment resistance 1, petrification resistance
a: Renounce Religion, Fiery Armour, Foxfire Swarm, Rising Flame


You were on level 5 of the Dungeon.
You worshipped Ignis.
Ignis was extremely pleased with you.
You visited 1 branch of the dungeon, and saw 5 of its levels.

You collected 193 gold pieces.

Inventory:

Hand Weapons
 h - a +3 hand axe of venom (weapon)
Missiles
 e - 5 javelins (quivered)
 i - a throwing net
 p - 6 boomerangs
 v - 7 poisoned darts
 x - 3 atropa-tipped darts
Armour
 a - a +0 robe (worn)
 f - a +2 cloak (worn)
 l - a +0 helmet (worn)
Magical Staves
 k - a staff of death
Jewellery
 y - a ring of ice
Scrolls
 g - a scroll of amnesia
 j - 3 scrolls of blinking
 u - a scroll of poison {unknown}
Potions
 c - 2 potions of degeneration {unknown}
 d - 4 potions of mutation {unknown}
 m - 3 potions of curing {unknown}
 n - 2 potions of haste
 o - a potion of lignification {unknown}
 r - 3 potions of cancellation {unknown}
 s - a potion of ambrosia {unknown}
 w - a potion of resistance {unknown}


   Skills:
 + Level 1.1 Fighting
 + Level 1.0(1.2) Axes
 + Level 1.2(1.4) Maces & Flails
 + Level 2.1 Dodging
 + Level 3.2 Stealth
 + Level 4.7 Spellcasting
 + Level 0.7 Transmutations
 + Level 6.7 Earth Magic


You had 14 spell levels left.
You knew the following spells:

 Your Spells              Type           Power      Damage    Failure   Level
a - Sandblast             Erth           52%        2d12      1%          1

Your spell library contained the following spells:

 Spells                   Type           Power      Damage    Failure   Level
 Passwall                 Tmut/Erth      13%        N/A       4%          2
 Stone Arrow              Conj/Erth      30%        3d8       11%         3
 Necrotise                Necr           12%        1d4       14%         1
 Petrify                  Tmut/Erth      16%        N/A       32%         4
 Tukima's Dance           Hex            3%         N/A       41%         3
 Vampiric Draining        Necr           3%         2d6       41%         3
 Passage of Golubria      Tloc           3%         N/A       82%         4
 Yara's Violent Unravell  Hex/Tmut       2%         3d3       98%         5
 Agony                    Necr           3%         N/A       99%         5


Dungeon Overview and Level Annotations

Branches:
Dungeon (5/15)             Temple (0/1) D:4

Altars:
Ashenzari
Dithmenos
Gozag
Okawaru
Ru
Uskayaw
Ignis


Innate Abilities, Weirdness & Mutations

You are immune to sickness and miasma.
Your stone body is resilient. (AC +4)
You are immune to poison.
You resist negative energy. (rN+)
You are resistant to electric shocks. (rElec)
You are resistant to unholy torment.
You are immune to petrification.


Message History

Aim: a wight, wielding a +4 dire flail and wearing a +0 robe (83% to hit)
The blast of sand hits the wight!
The wight is heavily damaged.
The wight closely misses you. The wight hits you but does no damage.
The wight is burned by your cloak of flames.
The wight is lightly damaged.
The wight hits you with a +0 mace. The wight hits you but does no damage.
The wight is burned by your cloak of flames.
The wight is moderately damaged.
The wight barely misses you. The wight hits you but does no damage.
The wight is burned by your cloak of flames.
The wight is lightly damaged.
Casting: Sandblast (safe; 1% risk of failure)
Confirm with . or Enter, or press ? or * to list all spells.
You don't know that spell.
Unknown command.
Casting: Sandblast (safe; 1% risk of failure)
Confirm with . or Enter, or press ? or * to list all spells.
Aiming: Sandblast (safe; 1% risk of failure)
Press: ? - help, Shift-Dir - straight line, f/p - wight
Aim: a wight, wielding a +4 dire flail and wearing a +0 robe (heavily damaged, 83% to hit)
The blast of sand misses the wight.
The wight hits you with a +3 morningstar.
The wight is burned by your cloak of flames.
The wight is moderately damaged.
The wight hits you with a +4 dire flail!
* * * LOW HITPOINT WARNING * * *
The wight hits you with a +3 mace!
* * * LOW HITPOINT WARNING * * *
The wight is burned by your cloak of flames.
The wight is severely damaged.
The wight barely misses you. The wight hits you but does no damage.
The wight is burned by your cloak of flames.
The wight is almost destroyed.
The wight hits you with a +0 mace.
* * * LOW HITPOINT WARNING * * *
The wight is burned by your cloak of flames.
The wight is lightly damaged.
The wight hits you with a +4 dire flail!
You die...

# #.≈.# ..#.≈...
###.≈.###.#.≈..# ..
....≈.......≈..# .. .
....≈≈≈≈≈≈≈≈≈..### .
..
...............#.##.#.
....##............#..
#..............#...#
..............##zz#
.......##).....z@z#
.......#######.$.##
.......# ##.##
....#.## ### #######


You could see 4 wights.

Vanquished Creatures
  Menkaure (D:5)
  A scorpion (D:4)
  3 jellies
  2 hounds (D:4)
  An iguana (D:4)
  2 orc wizards
  3 gnolls (D:4)
  4 adders
  A shadow imp (D:5)
  A worm (D:2)
  A dart slug (D:3)
  14 orcs
  8 ball pythons
  5 bats
  11 endoplasms
  5 giant cockroaches
  3 goblins
  6 hobgoblins
  2 jackals (D:2)
  6 kobolds
  3 quokkas
  2 frilled lizards (D:1)
  5 rats
90 creatures vanquished.

Vanquished Creatures (others)
  5 plants
5 creatures vanquished.

Grand Total: 95 creatures vanquished

Notes
Turn   | Place    | Note
-------+----------+-------------------------------------------
     0 | D:1      | Sabo the Gargoyle Earth Elementalist began the quest for
                  | the Orb.
     0 | D:1      | Reached XP level 1. HP: 10/10 MP: 3/3
   293 | D:1      | Reached XP level 2. HP: 15/15 MP: 3/5
   710 | D:1      | Reached skill level 4 in Earth Magic
  1112 | D:1      | Reached XP level 3. HP: 16/19 MP: 4/6
  1373 | D:1      | Found a faded altar of an unknown god.
  1384 | D:1      | Prayed at the altar of an unknown god.
  1384 | D:1      | Became a worshipper of Ignis, the Dying Flame
  2390 | D:2      | Reached XP level 4. HP: 24/24 MP: 4/8
  2762 | D:3      | Reached skill level 5 in Earth Magic
  3472 | D:3      | Found a shadowy altar of Dithmenos.
  4181 | D:3      | Found a hide-covered altar of Uskayaw.
  4181 | D:3      | Found a broken altar of Ashenzari.
  4189 | D:3      | Found a sacrificial altar of Ru.
  4192 | D:3      | Found an iron altar of Okawaru.
  4194 | D:3      | Found an opulent altar of Gozag.
  4351 | D:4      | Reached XP level 5. HP: 17/28 MP: 6/9
  4678 | D:4      | Found a staircase to the Ecumenical Temple.
  4686 | D:4      | Reached XP level 6. HP: 32/32 MP: 8/11
  4745 | D:4      | Reached skill level 6 in Earth Magic
  5379 | D:4      | Reached skill level 1 in Maces & Flails
  6078 | D:5      | Entered Level 5 of the Dungeon
  6135 | D:5      | Noticed Menkaure
  6140 | D:5      | Killed Menkaure
  6141 | D:5      | Reached skill level 1 in Fighting
  6141 | D:5      | Reached XP level 7. HP: 32/38 MP: 9/13
  6230 | D:5      | Reached skill level 1 in Axes
  6334 | D:5      | HP: 1/38 [wight/+0 mace (1)]
  6334 | D:5      | Mangled by a wight

Illustrated notes

Levels and vault maps discovered:
D:1:      dpeg_arrival_arbitrary_c, layout_basic,
          shapermc_ecumenical_altar_pompeii, serial_bayou_ford_a,
          minmay_misc_feat_five, chequers_hall_statues_corner_a
D:2:      layout_rooms
D:3:      layout_basic, mainiacjoe_overflow_tiny_flanked,
          chequers_temple_overflow_minitemple, kennysheep_cross_room,
          moated_statue, chequers_decorated_corner, kennysheep_nondescript,
          skrybe_limestone_x
D:4:      layout_loops_ring, minmay_temple_entry_overgrown,
          nicolae_concentric_dashed_squares_mild
D:5:      layout_cave_pools, tgw_kikubaaqudgha, mainiacjoe_overflow_brackets,
          uniq_eustachio, uniq_menkaure

Skill      XL: |  1  2  3  4  5  6  7 |
---------------+----------------------+-----
Earth Magic    | 4 5 6 |  6.7
Spellcasting   | 3 4 |  4.7
Maces & Flails | 1 |  1.2
Stealth        | 3 |  3.2
Fighting       | 1 |  1.1
Dodging        | 2 |  2.1
Axes           | 1 |  1.0
Transmutations | |  0.7

Action                   |  1- 3 |  4- 6 |  7- 9 || total
-------------------------+-------+-------+-------++-------
Melee: Whip              |     7 |    17 |       ||    24
       Hand axe          |       |    25 |       ||    25
 Cast: Sandblast         |    45 |    59 |    10 ||   114
Invok: Fiery Armour      |       |       |     1 ||     1
  Use: Scroll            |       |     7 |       ||     7
       Potion            |       |       |     1 ||     1
Armor: Robe              |     7 |    23 |     5 ||    35
Dodge: Dodged            |     7 |    46 |    10 ||    63

Table legend: (Time is in decaauts)
 A = Elapsed time spent in this place.
 B = Non-inter-level travel time spent in this place.
 C = Inter-level travel time spent in this place.
 D = Time resting spent in this place.
 E = Time spent auto-exploring this place.
 F = Levels seen in this place.
 G = Mean time per level.
                   A        B        C        D        E       F      G
               +--------+--------+--------+--------+--------+-----+--------+
         Total |   6460 |   6460 |      0 |   2548 |      0 |   5 | 1292.0 |
       Dungeon |   6460 |   6460 |      0 |   2548 |      0 |   5 | 1292.0 |
               +--------+--------+--------+--------+--------+-----+--------+

Top non-repeatable levels by time:
     D:4: 1812 daAuts
     D:1: 1790 daAuts
     D:3: 1688 daAuts
     D:2: 897 daAuts
     D:5: 271 daAuts
